 Dungeon Crawl Stone Soup version 0.31-a0-728-g01b46875f1 (webtiles) character file.

Game seed: 13321551521155030390

345 cforsyth the Trooper (level 6, -4/49 HPs)
             Began as a Djinni Chaos Knight on Sept 11, 2023.
             Was a Plaything of Xom.
             Slain by a gnoll
             ... wielding a +0 flail
             ... led by a gnoll bouda
              (6 damage)
             ... on level 4 of the Dungeon.
             The game lasted 00:03:58 (3962 turns).

cforsyth the Trooper (Djinni Chaos Knight)          Turns: 3962, Time: 00:03:59

Health: -4/49      AC:  8    Str: 11    XL:     6   Next: 89%
Gold:   180        EV: 11    Int: 15    God:    Xom [...*..] SH:  0 Dex: 13

rFire   + + .        z - +0 hand axe (elec)
rCold   . . .        (no shield)
rNeg    . . .        b - +2 leather armour
rPois   ∞            (no helmet)
rElec   .            s - +2 cloak
rCorr   .            (no gloves)
SInv    .            (boots unavailable)
Will    +....        e - amulet of the acrobat
Stlth   +            d - ring of protection from cold
HPRegen 0.28/turn    c - ring of willpower
MPRegen 0.00/turn

%: acrobat, infuse magic (-5 HP)
@: flying
A: sickness immunity, fire resistance 2, cold vulnerability 1, float, innate
caster, HP casting, extra vitality 1
a: Renounce Religion


You were on level 4 of the Dungeon.
You worshipped Xom.
You were a favourite toy of Xom.
You visited 1 branch of the dungeon, and saw 4 of its levels.

You collected 180 gold pieces.

Inventory:

Hand Weapons
 a - a +0 falchion of chaos
 z - a +0 hand axe of electrocution (weapon)
Armour
 b - a +2 leather armour (worn)
 s - a +2 cloak (worn)
Jewellery
 c - a ring of willpower (right hand)
 d - a ring of protection from cold (left hand)
 e - an amulet of the acrobat (around neck)
 m - a ring of positive energy
Wands
 u - a wand of light (15)
Scrolls
 h - a scroll of summoning {unknown}
 i - 3 scrolls of enchant weapon {unknown}
 j - 2 scrolls of poison {unknown}
 k - 4 scrolls of identify {unknown}
 l - 2 scrolls of immolation {unknown}
 o - 2 scrolls of teleportation {unknown}
 p - 2 scrolls of amnesia {unknown}
 r - a scroll of vulnerability {unknown}
 t - a scroll of fear {unknown}
 w - a scroll of fog {unknown}
 y - a scroll of silence {unknown}
Potions
 f - a potion of invisibility {unknown}
 g - 2 potions of heal wounds {unknown}
 n - a potion of enlightenment {unknown}
 q - a potion of ambrosia {unknown}
 v - 2 potions of lignification {unknown}
 x - a potion of curing {unknown}


   Skills:
 + Level 5.4 Fighting
 - Level 2.6 Long Blades
 - Level 1.0 Armour
 - Level 2.1 Dodging
 + Level 3.1 Spellcasting
 + Level 3.1 Conjurations
 + Level 3.1 Hexes
   Level 0.0 Charms
 + Level 3.1 Summonings
 + Level 3.1 Necromancy
 + Level 3.1 Translocations
 + Level 3.1 Transmutations
 + Level 3.1 Fire Magic
 + Level 3.1 Ice Magic
 + Level 3.1 Air Magic
 + Level 3.1 Earth Magic
 + Level 3.1 Poison Magic


You knew the following spells:

 Your Spells              Type           Power      Damage    Failure   Level
a - Magic Dart            Conj           44%        1d5       7%          1
b - Jinxbite              Hex            22%        N/A       11%         2
Your spell library was empty.

Dungeon Overview and Level Annotations

Branches:
Dungeon (4/15)
 Temple: D:4-7

Altars:

Annotations:
D:4 1 runed translucent door, Jingleheimer's ghost, amateur OpSh


Innate Abilities, Weirdness & Mutations

You are immune to sickness and miasma.
You are immune to poison.
Your flesh is very heat resistant. (rF++)
You are vulnerable to cold. (rC-)
You float through the air rather than walking.
You learn spells naturally, not from books.
Your magical power is your life essence.
You have superior vitality. (+4 MHP)


Message History

The gnoll bouda is severely wounded.
You barely miss the gnoll. You closely miss the gnoll.
The gnoll barely misses you. The gnoll hits you with a +0 flail.
The gnoll bouda hits you with a +1 whip of venom.
You hit the gnoll bouda but do no damage.
Lightning courses through the gnoll bouda!
You kill the gnoll bouda!
You hit the gnoll. You hit the gnoll but do no damage.
The gnoll hits you with a +0 whip. The gnoll barely misses you. x2
You barely miss the gnoll.
The gnoll is heavily wounded.
You completely miss the gnoll.
Jingleheimer's ghost whispers, "Meet the emptiness of death!"
The gnoll hits you with a +0 flail. The gnoll hits you but does no damage.
The gnoll hits you with a +0 flail!
You are too injured to fight recklessly!
You are too injured to fight recklessly!
You are too injured to fight recklessly!
You are too injured to fight recklessly!
You are too injured to fight recklessly!
You are too injured to fight recklessly!
You are too injured to fight recklessly!
You are too injured to fight recklessly!
You hit the gnoll but do no damage.
The gnoll is heavily wounded.
You barely miss the gnoll. The gnoll misses you.
The gnoll hits you with a +0 flail!
You closely miss the gnoll.
The gnoll is heavily wounded.
You hit the gnoll. Lightning courses through the gnoll!
You kill the gnoll!
The gnoll is no longer moving quickly.
The gnoll hits you with a +0 flail!
* * * LOW HITPOINT WARNING * * *
You barely miss the gnoll.
The gnoll is heavily wounded.
The gnoll hits you with a +0 flail!
* * * LOW HITPOINT WARNING * * *
You emit a cloud of colourful smoke!
The gnoll hits you with a +0 flail.
You die...

# # #..........#
#....?...).#
#..........#
#..........# #....#.#
#..........# ##.##.#.##
#..........# #........#
#...§§g....#
#........###...§@)...#
#........##...###§......
#........#...##W##...###
............##...##...#
........)..##..!..##..#
...##.#....+...♣..⌠#..#
...........##..?..##..#
............##...##...#
...##........##⌠##..


You could see Jingleheimer's ghost and a gnoll.

Vanquished Creatures
  A jelly (D:2)
  An orc priest (D:3)
  A gnoll bouda (D:4)
  2 sleepcaps (D:4)
  An orc wizard (D:3)
  4 adders
  2 gnolls (D:4)
  An ufetubus (D:4)
  A worm (D:2)
  A dart slug (D:2)
  10 orcs (D:3)
  11 endoplasms
  3 giant cockroaches
  10 goblins
  7 hobgoblins
  9 kobolds
  3 quokkas
  4 ball pythons
  8 bats
  8 frilled lizards
  7 rats
95 creatures vanquished.

Vanquished Creatures (collateral kills)
  A bat (D:1)
1 creature vanquished.

Vanquished Creatures (others)
  A bat zombie (D:1)
  A rat zombie (D:1)
2 creatures vanquished.

Grand Total: 98 creatures vanquished

Notes
Turn   | Place    | Note
-------+----------+-------------------------------------------
     0 | D:1      | cforsyth the Djinni Chaos Knight began the quest for the
                  | Orb.
     0 | D:1      | Reached XP level 1. HP: 20/20 MP: 0/0
   183 | D:1      | Reached XP level 2. HP: 24/25 MP: 0/0
   407 | D:1      | Reached skill level 1 in Spellcasting
   407 | D:1      | Reached skill level 1 in Conjurations
   407 | D:1      | Reached skill level 1 in Hexes
   407 | D:1      | Reached skill level 1 in Summonings
   407 | D:1      | Reached skill level 1 in Necromancy
   407 | D:1      | Reached skill level 1 in Translocations
   407 | D:1      | Reached skill level 1 in Transmutations
   407 | D:1      | Reached skill level 1 in Fire Magic
   407 | D:1      | Reached skill level 1 in Ice Magic
   407 | D:1      | Reached skill level 1 in Air Magic
   407 | D:1      | Reached skill level 1 in Earth Magic
   407 | D:1      | Reached skill level 1 in Poison Magic
   500 | D:1      | Reached XP level 3. HP: 27/30 MP: 0/0
   500 | D:1      | Learned a level 1 spell: Magic Dart
   729 | D:1      | XOM: enchant monster (bad)
  1131 | D:2      | XOM: god gift: ring of positive energy
  1268 | D:2      | Reached XP level 4. HP: 37/37 MP: 0/0
  1392 | D:2      | Reached skill level 4 in Fighting
  1542 | D:2      | XOM: cast spell 'Chain of Chaos'
  1593 | D:2      | XOM: fog
  1765 | D:2      | XOM: 2-stop teleportation journey
  1853 | D:2      | XOM: silly message
  2144 | D:2      | Reached XP level 5. HP: 39/41 MP: 0/0
  2144 | D:2      | Learned a level 2 spell: Jinxbite
  2507 | D:2      | XOM: 3-stop teleportation journey
  3030 | D:3      | XOM: 9-stop teleportation journey
  3196 | D:3      | Reached XP level 6. HP: 39/49 MP: 0/0
  3210 | D:3      | Reached skill level 5 in Fighting
  3819 | D:4      | XOM: confuse monster(s)
  3925 | D:4      | XOM: god gift: 4 stones
  3936 | D:4      | Found a runed translucent door.
  3939 | D:4      | Noticed Jingleheimer's ghost (amateur OpSh)
  3962 | D:4      | HP: 2/49 [gnoll/+0 flail[a gnoll bouda] (7)]
  3962 | D:4      | XOM: smoke on damage
  3962 | D:4      | Slain by a gnoll

Illustrated notes

Levels and vault maps discovered:
D:1:      eino_arrival_water_cross, layout_loops_corners
D:2:      minmay_razor_zed, layout_basic
D:3:      layout_loops_ring
D:4:      layout_rooms, grunt_temple_overflow_open,
          hellmonk_ghost_happy_afterlife

Skill      XL: |  1  2  3  4  5  6 |
---------------+-------------------+-----
Spellcasting   | 1 2 3 |  3.1
Conjurations   | 1 2 3 |  3.1
Hexes          | 1 2 3 |  3.1
Summonings     | 1 2 3 |  3.1
Necromancy     | 1 2 3 |  3.1
Translocations | 1 2 3 |  3.1
Transmutations | 1 2 3 |  3.1
Fire Magic     | 1 2 3 |  3.1
Ice Magic      | 1 2 3 |  3.1
Air Magic      | 1 2 3 |  3.1
Earth Magic    | 1 2 3 |  3.1
Poison Magic   | 1 2 3 |  3.1
Fighting       | 4 5 |  5.4
Long Blades    | |  2.6
Armour         | |  1.0
Dodging        | |  2.1

Action                     |  1- 3 |  4- 6 || total
---------------------------+-------+-------++-------
  Melee: Falchion          |    84 |   122 ||   206
         Punch             |     1 |     2 ||     3
         Hand axe          |       |    39 ||    39
   Cast: Magic Dart        |       |    61 ||    61
         Jinxbite          |       |     2 ||     2
    Use: Scroll            |       |     1 ||     1
   Stab: Sleeping          |     3 |       ||     3
         Paralysed         |       |     2 ||     2
 Armour: Leather armour    |    42 |   138 ||   180
  Dodge: Dodged            |    60 |   107 ||   167

Table legend: (Time is in decaauts)
 A = Elapsed time spent in this place.
 B = Non-inter-level travel time spent in this place.
 C = Inter-level travel time spent in this place.
 D = Time resting spent in this place.
 E = Time spent auto-exploring this place.
 F = Levels seen in this place.
 G = Mean time per level.
                   A        B        C        D        E       F      G
               +--------+--------+--------+--------+--------+-----+--------+
         Total |   4004 |   3827 |    177 |     36 |   3100 |   4 | 1001.0 |
       Dungeon |   4004 |   3827 |    177 |     36 |   3100 |   4 | 1001.0 |
               +--------+--------+--------+--------+--------+-----+--------+

Top non-repeatable levels by time:
     D:2: 1861 daAuts
     D:1: 1009 daAuts
     D:3: 945 daAuts
     D:4: 187 daAuts
